BR (22 & UNDER)
MONROE MALLARDS @ QUINCY DOUGHBOYS
07/28/2030
 
TOP OF THE 1ST
Monroe Mallards batting - Pitching for Quincy Doughboys : LHP Tomás Colón
Pitching: LHP Tomás Colón
Batting: RHB Anselmo Espinoza 0-0: Ball
1-0: Ball
2-0: Ball
3-0: Called Strike
3-1: Base on Balls
Batting: SHB Jerry Vaughn 0-0: Swinging Strike
0-1: Foul Ball, location: 2F
0-2: Fly out, F7 (Line Drive, 7)
Batting: RHB Shannon Watson 0-0: Called Strike
0-1: Swinging Strike
0-2: Ball
1-2: Foul Ball, location: 2F
1-2: Foul Ball, location: 2F
1-2: Foul Ball, location: 2F
1-2: Foul Ball, location: 2F
1-2: Fly out, F7 (Flyball, 78D)
Batting: LHB José Trindade 0-0: Ball
Anselmo Espinoza steals 2nd base
1-0: Ground out 5-3 (Groundball, 5)
Top of the 1st over - 0 runs, 0 hits, 0 errors, 1 left on base; Monroe 0 - Quincy 0
BOTTOM OF THE 1ST
Quincy Doughboys batting - Pitching for Monroe Mallards : RHP Ronald Baker
Pitching: RHP Ronald Baker
Batting: LHB Esteban Pérez 0-0: Called Strike
0-1: Ball
1-1: Foul Ball, location: 2F
1-2: Foul Ball, location: 2F
1-2: Foul Ball, location: 2F
1-2: Ball
2-2: SINGLE (Line Drive, 34D)
Batting: LHB Rob Johnson 0-0: Ball
1-0: Called Strike
1-1: Ball
2-1: Ball
3-1: Fly out, F9 (Flyball, 89D)
Batting: RHB Geoff Rainey 0-0: Ball
Esteban Pérez steals 2nd base
1-0: SINGLE (Flyball, 5D)
Esteban Pérez to third
Runner from 3rd tries for Home, SAFE, no throw
Batting: LHB José Martínez 0-0: Called Strike
0-1: Ball
1-1: TRIPLE (Flyball, 7D)
Geoff Rainey scores
Batting: RHB Reggie Snyder 0-0: Called Strike
0-1: Ball
1-1: Fly out, F9 (Flyball, 9S)
Batting: RHB Steve Cooper 0-0: Ball
1-0: Swinging Strike
1-1: Ball
2-1: Swinging Strike
2-2: Ball
3-2: Foul Ball, location: 2F
3-2: Ground out 4-3 (Groundball, 4)
Bottom of the 1st over - 2 runs, 3 hits, 0 errors, 1 left on base; Monroe 0 - Quincy 2
TOP OF THE 2ND
Monroe Mallards batting - Pitching for Quincy Doughboys : LHP Tomás Colón
Batting: RHB David Leslie 0-0: Foul Ball, location: 2F
0-1: Foul Ball, location: 2F
0-2: Ball
1-2: SINGLE (Groundball, 34D)
Batting: RHB Anthony O'Bryan 0-0: Ball
1-0: Swinging Strike
1-1: Fly out, F9 (Flyball, 9)
Batting: RHB Jorge Vázquez 0-0: Called Strike
0-1: Called Strike
0-2: Grounds into double play, 4-6-3 (Groundball, 4)
Top of the 2nd over - 0 runs, 1 hit, 0 errors, 0 left on base; Monroe 0 - Quincy 2
BOTTOM OF THE 2ND
Quincy Doughboys batting - Pitching for Monroe Mallards : RHP Ronald Baker
Batting: LHB Ramón Quintanilla 0-0: Called Strike
0-1: Ball
1-1: Foul Ball, location: 2F
1-2: Ball
2-2: SINGLE (Line Drive, 9LS)
Batting: RHB Ben Williams 0-0: Called Strike
0-1: Ball
1-1: Swinging Strike
1-2: Strikes out swinging
Batting: RHB Blair Charnock 0-0: Swinging Strike
0-1: Ball
1-1: Ball
2-1: Grounds into double play, 6-4-3 (Groundball, 6)
Bottom of the 2nd over - 0 runs, 1 hit, 0 errors, 0 left on base; Monroe 0 - Quincy 2
TOP OF THE 3RD
Monroe Mallards batting - Pitching for Quincy Doughboys : LHP Tomás Colón
Batting: RHB Rafael Rivera 0-0: Swinging Strike
0-1: Ball
1-1: Foul Ball, location: 2F
1-2: Strikes out looking
Batting: RHB Benito Bo 0-0: Ground out 1-3 (Groundball, 15)
Batting: RHB Anselmo Espinoza 0-0: Swinging Strike
0-1: Foul Ball, location: 2F
0-2: Strikes out swinging
Top of the 3rd over - 0 runs, 0 hits, 0 errors, 0 left on base; Monroe 0 - Quincy 2
BOTTOM OF THE 3RD
Quincy Doughboys batting - Pitching for Monroe Mallards : RHP Ronald Baker
Batting: LHB Esteban Pérez 0-0: Ball
1-0: Ball
2-0: Ball
3-0: Called Strike
3-1: Called Strike
3-2: Foul Ball, location: 2F
3-2: Base on Balls
Batting: LHB Rob Johnson 0-0: Swinging Strike
0-1: Ball
1-1: Swinging Strike
1-2: Ball
2-2: Foul Ball, location: 2F
2-2: Foul Ball, location: 2F
2-2: Fielders Choice at 2nd, 3-6 (Groundball, 3)
Batting: RHB Geoff Rainey 0-0: Foul Ball, location: 2F
0-1: Grounds into double play, 6-4-3 (Groundball, 6)
Bottom of the 3rd over - 0 runs, 0 hits, 0 errors, 0 left on base; Monroe 0 - Quincy 2
TOP OF THE 4TH
Monroe Mallards batting - Pitching for Quincy Doughboys : LHP Tomás Colón
Batting: SHB Jerry Vaughn 0-0: Swinging Strike
0-1: Ball
1-1: Ball
2-1: Swinging Strike
2-2: Foul Ball, location: 2F
2-2: Foul Ball, location: 2F
2-2: Strikes out swinging
Batting: RHB Shannon Watson 0-0: Foul Ball, location: 2F
0-1: DOUBLE (Flyball, 89D)
Batting: LHB José Trindade 0-0: Fly out, F4 (Popup, 4)
Batting: RHB David Leslie 0-0: Ball
1-0: Ball
2-0: Ball
3-0: Called Strike
3-1: Base on Balls
Batting: RHB Anthony O'Bryan 0-0: Called Strike
0-1: Foul Ball, location: 2F
0-2: Ball
1-2: Ball
2-2: Foul Ball, location: 2F
2-2: Foul Ball, location: 2F
2-2: Ball
3-2: Fly out, F9 (Flyball, 9)
Top of the 4th over - 0 runs, 1 hit, 0 errors, 2 left on base; Monroe 0 - Quincy 2
BOTTOM OF THE 4TH
Quincy Doughboys batting - Pitching for Monroe Mallards : RHP Ronald Baker
Batting: LHB José Martínez 0-0: Foul Ball, location: 2F
0-1: Swinging Strike
0-2: DOUBLE (Line Drive, 89D)
Batting: RHB Reggie Snyder 0-0: SINGLE (Flyball, 89M)
José Martínez to third
Runner from 3rd tries for Home, throw and OUT!
Batting: RHB Steve Cooper 0-0: Ground out U3 (Groundball, 3S)
Reggie Snyder to second
Batting: LHB Ramón Quintanilla 0-0: Fly out, F9 (Flyball, 9)
Bottom of the 4th over - 0 runs, 2 hits, 0 errors, 1 left on base; Monroe 0 - Quincy 2
TOP OF THE 5TH
Monroe Mallards batting - Pitching for Quincy Doughboys : LHP Tomás Colón
Batting: RHB Jorge Vázquez 0-0: Swinging Strike
0-1: Swinging Strike
0-2: Strikes out swinging
Batting: RHB Rafael Rivera 0-0: Swinging Strike
0-1: Ball
1-1: Called Strike
1-2: Strikes out looking
Batting: RHB Benito Bo 0-0: Called Strike
0-1: Hit by Pitch
Batting: RHB Anselmo Espinoza 0-0: Called Strike
0-1: Foul Ball, location: 2F
0-2: Ball
Benito Bo steals 2nd base
1-2: Foul Ball, location: 2F
1-2: Ball
2-2: Ball
3-2: Foul Ball, location: 2F
3-2: Base on Balls
Batting: SHB Jerry Vaughn 0-0: Ball
1-0: Ball
2-0: Called Strike
2-1: Fielders Choice at 2nd, 6-4 (Groundball, 6)
Top of the 5th over - 0 runs, 0 hits, 0 errors, 2 left on base; Monroe 0 - Quincy 2
BOTTOM OF THE 5TH
Quincy Doughboys batting - Pitching for Monroe Mallards : RHP Ronald Baker
Batting: RHB Ben Williams 0-0: Foul Ball, location: 2F
0-1: Ground out 4-3 (Groundball, 4)
Batting: RHB Blair Charnock 0-0: Ball
1-0: Foul Ball, location: 2F
1-1: Ball
2-1: Swinging Strike
2-2: Ground out 4-3 (Groundball, 34D)
Batting: LHB Esteban Pérez 0-0: SINGLE (Groundball, 4MD)
Batting: LHB Rob Johnson 0-0: Fly out, F5 (Popup, 5F)
Bottom of the 5th over - 0 runs, 1 hit, 0 errors, 1 left on base; Monroe 0 - Quincy 2
TOP OF THE 6TH
Monroe Mallards batting - Pitching for Quincy Doughboys : LHP Tomás Colón
Batting: RHB Shannon Watson 0-0: Ball
1-0: Ball
2-0: Ball
3-0: Called Strike
3-1: Called Strike
3-2: Fly out, F8 (Flyball, 8RXD)
Batting: LHB José Trindade 0-0: Called Strike
0-1: Fly out, F6 (Line Drive, 6M)
Batting: RHB David Leslie 0-0: Fly out, F6 (Popup, 6MD)
Top of the 6th over - 0 runs, 0 hits, 0 errors, 0 left on base; Monroe 0 - Quincy 2
BOTTOM OF THE 6TH
Quincy Doughboys batting - Pitching for Monroe Mallards : RHP Ronald Baker
Batting: RHB Geoff Rainey 0-0: Called Strike
0-1: Ball
1-1: Ground out 5-3 (Groundball, 56)
Batting: LHB José Martínez 0-0: Ball
1-0: Ground out 6-3 (Groundball, 6)
Batting: RHB Reggie Snyder 0-0: Ball
1-0: Ball
2-0: Ground out 5-3 (Groundball, 56S)
Bottom of the 6th over - 0 runs, 0 hits, 0 errors, 0 left on base; Monroe 0 - Quincy 2
TOP OF THE 7TH
Monroe Mallards batting - Pitching for Quincy Doughboys : LHP Tomás Colón
Now at 1B: Juan Pérez
Batting: RHB Anthony O'Bryan 0-0: Fly out, F9 (Flyball, 9LS)
Batting: RHB Jorge Vázquez 0-0: Ball
1-0: Ball
2-0: DOUBLE (Line Drive, 7D)
Batting: RHB Rafael Rivera 0-0: Called Strike
0-1: Ball
1-1: Foul Ball, location: 2F
1-2: Ball
2-2: Ball
3-2: Base on Balls
Batting: RHB Benito Bo 0-0: Ball
1-0: Called Strike
1-1: Ball
2-1: Called Strike
2-2: Foul Ball, location: 2F
2-2: DOUBLE (Line Drive, 89D)
Jorge Vázquez scores
Rafael Rivera to third
Runner from 3rd tries for Home, SAFE, no throw
Batting: RHB Anselmo Espinoza 0-0: Intentional Walk
Pitching: LHP Ánibal Ávila
Batting: SHB Jerry Vaughn 0-0: Foul Ball, location: 2F
0-1: Fly out, F7 (Flyball, 78D)
Batting: RHB Shannon Watson 0-0: Ball
1-0: Ball
2-0: SINGLE (Flyball, 7LM)
Benito Bo to third
Anselmo Espinoza to second
Runner from 3rd tries for Home, SAFE, no throw
Batting: LHB José Trindade 0-0: Ground out 3-1 (Groundball, 34S)
Top of the 7th over - 3 runs, 3 hits, 0 errors, 2 left on base; Monroe 3 - Quincy 2
BOTTOM OF THE 7TH
Quincy Doughboys batting - Pitching for Monroe Mallards : RHP Ronald Baker
Batting: RHB Steve Cooper 0-0: Ball
1-0: Fly out, F9 (Flyball, 89D)
Batting: LHB Ramón Quintanilla 0-0: SINGLE (Groundball, 4D)
Pitching: RHP Dan Cook
Pinch Hitting: RHB Luis Díaz 0-0: Called Strike
0-1: Called Strike
0-2: Ball
1-2: Foul Ball, location: 2F
1-2: 2-RUN HOME RUN (Flyball, 78XD), Distance : 429 ft
Batting: RHB Blair Charnock 0-0: Ball
1-0: Ball
2-0: Called Strike
2-1: Ball
3-1: SINGLE (Line Drive, 78S)
Batting: LHB Esteban Pérez Pickoff Throw to First - Out!
0-0: Called Strike
0-1: SINGLE (Groundball, 34S) (infield hit)
Batting: RHB Juan Pérez 0-0: Ball
Esteban Pérez steals 2nd base
1-0: Fly out, F8 (Flyball, 8LD)
Bottom of the 7th over - 2 runs, 4 hits, 0 errors, 1 left on base; Monroe 3 - Quincy 4
TOP OF THE 8TH
Monroe Mallards batting - Pitching for Quincy Doughboys : LHP Ánibal Ávila
Now at 2B: Dillon Lewis
Batting: RHB David Leslie 0-0: Called Strike
0-1: Ball
1-1: SINGLE (Flyball, 7LS)
Batting: RHB Anthony O'Bryan 0-0: Bunted foul
0-1: Bunt missed!
0-2: Strikes out swinging
Batting: RHB Jorge Vázquez 0-0: Reached via error on a dropped throw, E3
David Leslie to second
Batting: RHB Rafael Rivera 0-0: Ball
1-0: Foul Ball, location: 2F
1-1: Foul Ball, location: 2F
1-2: Ball
2-2: Ball
3-2: 3-RUN HOME RUN (Line Drive, 9LD), Distance : 346 ft
Batting: RHB Benito Bo 0-0: Called Strike
0-1: Ball
1-1: Ball
2-1: Fly out, F8 (Flyball, 8RS)
Batting: RHB Anselmo Espinoza 0-0: Foul Ball, location: 2F
0-1: Foul Ball, location: 2F
0-2: Foul Ball, location: 2F
0-2: Foul Ball, location: 2F
0-2: Ball
1-2: Ball
2-2: Foul Ball, location: 2F
2-2: Strikes out swinging
Top of the 8th over - 3 runs, 2 hits, 1 error, 0 left on base; Monroe 6 - Quincy 4
BOTTOM OF THE 8TH
Quincy Doughboys batting - Pitching for Monroe Mallards : RHP Dan Cook
Batting: RHB Geoff Rainey 0-0: Ball
1-0: Called Strike
1-1: Ball
2-1: Foul Ball, location: 2F
2-2: SOLO HOME RUN (Flyball, 7LD), Distance : 376 ft
Batting: LHB José Martínez 0-0: Ball
1-0: Called Strike
1-1: Foul Ball, location: 2F
1-2: Ground out 1-3 (Groundball, 15S)
Batting: RHB Reggie Snyder 0-0: Ground out 4-3 (Groundball, 34)
Batting: RHB Steve Cooper 0-0: Ball
1-0: Fly out, F9 (Flyball, 89D)
Bottom of the 8th over - 1 run, 1 hit, 0 errors, 0 left on base; Monroe 6 - Quincy 5
TOP OF THE 9TH
Monroe Mallards batting - Pitching for Quincy Doughboys : LHP Ánibal Ávila
Batting: SHB Jerry Vaughn 0-0: Foul Ball, location: 2F
0-1: Called Strike
0-2: DOUBLE (Line Drive, 7LM)
Batting: RHB Shannon Watson 0-0: Intentional Walk
Pitching: LHP Joey Krause
Batting: LHB José Trindade 0-0: Fly out, F8 (Flyball, 78XD)
Runner from 2nd tags up, SAFE at 3rd, no throw
Pitching: RHP Arnie Zapata
Batting: RHB David Leslie 0-0: Fly out, F8 (Line Drive, 8RS)
Runner from 3rd tags up, SCORES, no throw
Batting: RHB Anthony O'Bryan 0-0: Ball
1-0: Fly out, F7 (Flyball, 7D)
Top of the 9th over - 1 run, 1 hit, 0 errors, 1 left on base; Monroe 7 - Quincy 5
BOTTOM OF THE 9TH
Quincy Doughboys batting - Pitching for Monroe Mallards : RHP Dan Cook
Batting: LHB Ramón Quintanilla 0-0: SINGLE (Groundball, 4D)
Pinch Hitting: LHB Raúl García 0-0: Ball
1-0: Swinging Strike
1-1: Ball
2-1: Ball
3-1: Swinging Strike
3-2: Foul Ball, location: 2F
3-2: Strikes out swinging
Batting: RHB Blair Charnock 0-0: Called Strike
0-1: Ball
1-1: Swinging Strike
1-2: Ball
2-2: Fly out, F2 (Popup, 13S)
Batting: LHB Esteban Pérez 0-0: Ball
1-0: Called Strike
1-1: Foul Ball, location: 2F
1-2: Ball
2-2: Foul Ball, location: 2F
2-2: Foul Ball, location: 2F
2-2: Ball
3-2: Foul Ball, location: 2F
3-2: Foul Ball, location: 2F
3-2: Base on Balls
Ramón Quintanilla to second
Batting: RHB Juan Pérez 0-0: Ball
1-0: Ball
2-0: Called Strike
2-1: SINGLE (Groundball, 4MD)
Ramón Quintanilla to third
Esteban Pérez to second
Batting: RHB Geoff Rainey 0-0: Swinging Strike
0-1: Ball
1-1: SINGLE (Line Drive, 6)
Ramón Quintanilla scores
Esteban Pérez to third
Juan Pérez to second
Runner from 3rd tries for Home, SAFE, no throw
Pitching: LHP Michael Davis
Batting: LHB José Martínez 0-0: Foul Ball, location: 2F
0-1: Ball
1-1: Called Strike
1-2: Ball
2-2: Foul Ball, location: 2F
2-2: Strikes out swinging
Bottom of the 9th over - 2 runs, 3 hits, 0 errors, 2 left on base; Monroe 7 - Quincy 7
TOP OF THE 10TH
Monroe Mallards batting - Pitching for Quincy Doughboys : RHP Arnie Zapata
Now in LF: Raúl García
Batting: RHB Jorge Vázquez 0-0: Ball
1-0: Foul Ball, location: 2F
1-1: Ball
2-1: Ball
3-1: Ground out 6-3 (Groundball, 6S)
Batting: RHB Rafael Rivera 0-0: Ball
1-0: Swinging Strike
1-1: Ball
2-1: Fly out, F4 (Popup, 13)
Batting: RHB Benito Bo 0-0: Foul Ball, location: 2F
0-1: Ball
1-1: SOLO HOME RUN (Flyball, 9D), Distance : 364 ft
Batting: RHB Anselmo Espinoza 0-0: Ball
1-0: Ball
2-0: Ball
3-0: Called Strike
3-1: Fly out, F7 (Flyball, 7LM)
Top of the 10th over - 1 run, 1 hit, 0 errors, 0 left on base; Monroe 8 - Quincy 7
BOTTOM OF THE 10TH
Quincy Doughboys batting - Pitching for Monroe Mallards : LHP Michael Davis
Pitching: RHP Jason Moody
Pinch Hitting: RHB Donzel Beduzzi 0-0: Called Strike
0-1: Called Strike
0-2: Ball
1-2: Foul Ball, location: 2F
1-2: Foul Ball, location: 2F
1-2: Strikes out looking
Batting: RHB Steve Cooper 0-0: Called Strike
0-1: Ball
1-1: SINGLE (Line Drive, 7S)
Pinch Runner at 1st Ben Martin:
Batting: LHB Ramón Quintanilla 0-0: Ball
1-0: Fly out, F4 (Line Drive, 34)
Batting: LHB Raúl García 0-0: Ball
1-0: Swinging Strike
1-1: Ball
2-1: 2-RUN HOME RUN (Flyball, 89XD), Distance : 431 ft
Saturday, April 7th, 2018 - OOTP Baseball 18.8 Build 76